 Dungeon Crawl Stone Soup version 0.25-a0-21-ga5a8db46c7 (webtiles) character file.

Game seed: 4774860919201155281, levelgen mode: deterministic

2920 Heliosone the Skirmisher (level 9, -12/76 (77) HPs)
             Began as a Demonspawn Gladiator on Oct 15, 2019.
             Was an Initiate of Ru.
             Mangled by a two-headed ogre
             ... wielding a +0 giant club
              (19 damage)
             ... on level 8 of the Dungeon.
             The game lasted 00:19:32 (9745 turns).

Heliosone the Skirmisher (Demonspawn Gladiator)     Turns: 9745, Time: 00:19:32

HP:   -12/76 (77)   AC: 13    Str: 17    XL:     9   Next: 50%
MP:   9/9           EV: 16    Int: 11    God:    Ru [......]
Gold: 396           SH:  0    Dex: 20    Spells: 8/8 levels left

rFire    + . .     SeeInvis .   a - +0 trident
rCold    . . .     Gourm    .   (no shield)
rNeg     . . .     Faith    .   o - +1 ring mail {rPois}
rPois    +         Spirit   .   L - +0 helmet "Orowit" {Dex+4}
rElec    .         Reflect  .   H - +0 cloak
rCorr    .         Harm     .   (no gloves)
MR       .....                  J - +0 pair of boots
Stlth    +.........             (no amulet)
HPRegen  0.22/turn              u - +2 ring of intelligence
MPRegen  0.11/turn              (no ring)

@: lightly drained
A: rugged brown scales 2, demonic guardian 1, fire resistance 1
a: Renounce Religion


You were on level 8 of the Dungeon.
You worshipped Ru.
Ru was noncommittal.
You were not hungry.

You visited 2 branches of the dungeon, and saw 9 of its levels.
You also visited: Ossuary.

You collected 396 gold pieces.

Inventory:

Hand Weapons
 a - a +0 trident (weapon)
Missiles
 d - 2 throwing nets (quivered)
 n - 35 poisoned darts
 x - 5 boomerangs
 K - 2 javelins
Armour
 b - a +0 leather armour
 c - a +0 helmet
 o - a +1 ring mail of poison resistance (worn)
 y - the +0 helmet "Tunagreu" {rPois rF+ Str+2}
   (You found it on level 5 of the Dungeon)

   It affects your strength (+2).
   It protects you from fire.
   It protects you from poison.
 H - a +0 cloak (worn)
 I - a +0 scale mail of magic resistance
 J - a +0 pair of boots (worn)
 L - the +0 helmet "Orowit" (worn) {Dex+4}
   (You found it on level 6 of the Dungeon)

   It affects your dexterity (+4).
Jewellery
 u - a +2 ring of intelligence (left hand)
 P - an uncursed ring of fire
Wands
 M - a wand of iceblast (12)
Scrolls
 e - 9 scrolls of identify {unknown}
 h - 2 scrolls of immolation {unknown}
 i - 14 scrolls of remove curse {unknown}
 p - 7 scrolls of teleportation {unknown}
 q - 3 scrolls of fear {unknown}
 A - 2 scrolls of noise {unknown}
 B - a scroll of amnesia {unknown}
 C - 2 scrolls of magic mapping {unknown}
 E - 4 scrolls of enchant weapon {unknown}
 F - 2 scrolls of fog {unknown}
 N - a scroll of vulnerability {unknown}
Potions
 g - 4 potions of agility {unknown}
 j - 4 potions of curing {unknown}
 k - 3 potions of haste {unknown}
 l - a potion of degeneration {unknown}
 m - a potion of flight {unknown}
 r - a potion of might {unknown}
 s - a potion of brilliance {unknown}
 t - 4 potions of heal wounds
 v - 3 potions of ambrosia {unknown}
 w - a potion of resistance {unknown}
 z - 2 potions of berserk rage {unknown}
 D - 4 potions of lignification {unknown}
 G - 2 potions of mutation {unknown}
Comestibles
 f - 7 rations


   Skills:
 + Level 7.9(7.8) Fighting
 - Level 3.0(2.9) Polearms
 - Level 1.7(1.6) Throwing
 + Level 6.7(6.6) Armour
 + Level 7.5(7.4) Dodging


You had 8 spell levels left.
You didn't know any spells.
Your spell library contained the following spells:

 Spells                   Type           Power        Failure   Level  Hunger
 Animate Skeleton         Necr           N/A          52%         1    ##.....
 Freeze                   Ice            #...         52%         1    ##.....
 Pain                     Necr           #...         52%         1    ##.....
 Throw Frost              Conj/Ice       #.....       65%         2    ###....
 Ozocubu's Armour         Chrm/Ice       #.......     87%         3    ####...
 Regeneration             Chrm/Necr      #.........   87%         3    ####...
 Vampiric Draining        Necr           #.........   87%         3    ####...
 Animate Dead             Necr           N/A          99%         4    #####..
 Summon Ice Beast         Ice/Summ       #.......     99%         4    #####..
 Throw Icicle             Conj/Ice       #.......     99%         4    #####..


Dungeon Overview and Level Annotations

Branches:
Dungeon (8/15)             Temple (1/1) D:5         Ossuary (visited)
   Lair: D:8-11

Altars:
Cheibriados
Dithmenos
Elyvilon
Hepliaklqana
Kikubaaqudgha
Makhleb
Ru
Sif Muna
Trog
Vehumet
Wu Jian
Xom
Zin
The Shining One

Shops:
D:5 }=


Innate Abilities, Weirdness & Mutations

You are mostly covered in rugged brown scales. (AC +2, +5% HP)
A weak demonic guardian rushes to your aid.
Your flesh is heat resistant. (rF+)


Message History

You hit the two-headed ogre.
The two-headed ogre is almost dead.
The wight hits you with a cursed +3 dagger.
The two-headed ogre hits you with a +0 giant club. x2
You are too injured to fight recklessly!
You are too injured to fight recklessly!
Unknown command.
You are too injured to fight recklessly!
You hit the two-headed ogre but do no damage.
The two-headed ogre is almost dead.
The wight hits you but does no damage.
You hit the two-headed ogre but do no damage.
The two-headed ogre is almost dead.
The two-headed ogre hits you with a +0 giant club!!
* * * LOW HITPOINT WARNING * * *
The two-headed ogre barely misses you. The wight hits you but does no damage.
You barely miss the two-headed ogre.
The two-headed ogre is almost dead.
The two-headed ogre hits you with a +0 giant club!!
You die...

............##
......†......## >..
..###).)......### ...
....###..#......# ..
.##. ##............. .
#.##..#.##.#..##.
..#.#..##.##.#....
#.#...###..#.#...##
#.......##.#..5.@O#
##....#.........#z$.....
...#............#######.
.####...).....<...# .
##..##..........# #..##
..>.......# ^. ###.##
#.........#####.# #...#
#...............# ..###
##.###.#.####...#


You could see a two-headed ogre, a wight and a friendly iron imp.

Vanquished Creatures
  Grinder (D:4)
  Sigmund (D:5)
  Menkaure (D:4)
  Edmund (D:4)
  An orc warrior (D:7)
  2 phantoms (D:6)
  2 ice beasts (D:7)
  An ogre (D:6)
  A centaur (D:6)
  A scorpion (D:6)
  2 wights (D:8)
  3 crimson imps
  2 centaur zombies (D:4)
  A bullfrog zombie (D:4)
  3 hounds
  8 orc wizards
  4 bullfrog skeletons
  A gnoll shaman (D:6)
  An orc priest (D:3)
  A centaur skeleton (D:4)
  3 jellies
  An iguana (D:8)
  5 worker ants
  A hound zombie (D:6)
  3 mummies (Ossuary)
  4 gnolls
  5 adders
  4 oozes
  An adder skeleton (D:4)
  An adder zombie (Ossuary)
  4 worms
  4 leopard geckos
  27 orcs
  7 giant cockroaches
  A gnoll zombie (Ossuary)
  13 hobgoblins
  7 jackals
  3 quokkas
  3 ball pythons (D:2)
  5 bats
  12 frilled lizards
  10 goblins
  5 goblin zombies (Ossuary)
  2 hobgoblin zombies (Ossuary)
  2 jackal skeletons
  10 kobolds
  3 kobold zombies (Ossuary)
  2 quokka skeletons (D:4)
  2 quokka zombies (Ossuary)
  4 rats
  4 rat zombies (Ossuary)
196 creatures vanquished.

Vanquished Creatures (collateral kills)
  A hippogriff (D:8)
  A necrophage (D:6)
  2 ogres
  A centaur (D:6)
  A crocodile (D:8)
  2 scorpions (D:4)
  A crimson imp (D:6)
  A hound (D:6)
  An orc priest (D:6)
  2 hound zombies (D:4)
  2 gnolls (D:6)
  An adder skeleton (D:5)
  A dart slug (D:4)
  An orc (D:6)
  A jackal skeleton (D:6)
19 creatures vanquished.

Vanquished Creatures (others)
  A human (D:6)
1 creature vanquished.

Grand Total: 216 creatures vanquished

Notes
Turn   | Place    | Note
-------+----------+-------------------------------------------
     0 | D:1      | Heliosone the Demonspawn Gladiator began the quest for the
                  | Orb.
     0 | D:1      | Reached XP level 1. HP: 16/16 MP: 1/1
    63 | D:1      | Gained mutation: You are partially covered in rugged brown
                  | scales. (AC +1, +3% HP) [demonic ancestry]
    63 | D:1      | Reached XP level 2. HP: 14/22 MP: 2/2
   434 | D:1      | HP: 1/23 [frilled lizard (2)]
   544 | D:1      | Reached XP level 3. HP: 11/28 MP: 3/3
  1156 | D:2      | Reached skill level 1 in Armour
  1156 | D:2      | Gained mutation: Your flesh is heat resistant. (rF+)
                  | [demonic ancestry]
  1156 | D:2      | Reached XP level 4. HP: 24/36 MP: 4/4
  1837 | D:2      | Reached XP level 5. HP: 39/42 MP: 5/5
  2388 | D:3      | Found a faded altar of an unknown god.
  2862 | D:3      | Gained mutation: A weak demonic guardian rushes to your
                  | aid. [demonic ancestry]
  2862 | D:3      | Reached XP level 6. HP: 35/49 MP: 6/6
  3412 | D:4      | Noticed Menkaure
  3430 | D:4      | Killed Menkaure
  3715 | D:4      | Gained mutation: You are mostly covered in rugged brown
                  | scales. (AC +2, +5% HP) [demonic ancestry]
  3715 | D:4      | Reached XP level 7. HP: 39/57 MP: 7/7
  3967 | D:4      | Reached skill level 5 in Fighting
  3967 | D:4      | Reached skill level 5 in Dodging
  4062 | D:4      | Noticed Edmund
  4088 | D:4      | Killed Edmund
  4751 | D:4      | Noticed Grinder
  4799 | D:4      | Killed Grinder
  4950 | D:5      | Entered Level 5 of the Dungeon
  4950 | D:5      | Noticed Sigmund
  4960 | D:5      | Killed Sigmund
  4960 | D:5      | Reached XP level 8. HP: 67/67 MP: 8/8
  5284 | D:5      | Found a staircase to the Ecumenical Temple.
  5302 | D:5      | Got a distressingly furry helmet
  5313 | D:5      | Identified the +0 helmet "Tunagreu" {rPois rF+ Str+2} (You
                  | found it on level 5 of the Dungeon)
  5316 | Temple   | Entered the Ecumenical Temple
  5571 | Temple   | Became a worshipper of Ru the Awakened
  5990 | D:5      | Found Sicem's Gadget Emporium.
  6017 | D:5      | Found Arainafi's Jewellery Emporium.
  6199 | D:6      | Reached skill level 5 in Armour
  6240 | D:6      | Found a sand-covered staircase.
  6247 | Ossuary  | Entered an ossuary
  7387 | D:6      | Reached XP level 9. HP: 25/74 MP: 9/9
  7622 | D:6      | Found an ancient bone altar of Kikubaaqudgha.
  7690 | D:6      | Got a slimy helmet
  7701 | D:6      | Identified the +0 helmet "Orowit" {Dex+4} (You found it on
                  | level 6 of the Dungeon)
  9728 | D:8      | Noticed a two-headed ogre
  9745 | D:8      | Mangled by a two-headed ogre

Levels and vault maps discovered:
D:1:      erik_arrival_triangle_medium, layout_rooms, nrook_campfire,
          minmay_misc_feat_plants, minmay_hexomino_c4
D:2:      layout_basic, kennysheep_decorative_pillar
D:3:      layout_loops_ring, chequers_ecumenical_altar_island,
          kennysheep_generic_room_10
D:4:      layout_loops_ring, serial_undead, serial_undead_c, serial_undead_f,
          serial_undead_b, serial_undead_d, kennysheep_generic_room_7,
          uniq_edmund, uniq_grinder, uniq_menkaure
D:5:      layout_cave_pools, minmay_temple_entry_overgrown, serial_shops,
          nicolae_shop_temple_entry_statues_fountains, kennysheep_mini,
          first_ration, uniq_sigmund
D:6:      layout_cave_pods, nicolae_ossuary_entry_monument, tgw_kikubaaqudgha
D:7:      layout_loops_ring
D:8:      layout_rooms
Temple:   dpeg_chambers_temple

Skill      XL: |  1  2  3  4  5  6  7  8  9 |
---------------+----------------------------+-----
Polearms       | 3 |  3.0
Dodging        | 3 4 5 6 7 |  7.5
Fighting       | 3 4 5 7 |  7.9
Armour         | 1 2 3 4 5 6 |  6.7
Throwing       | |  1.7

Action                   |  1- 3 |  4- 6 |  7- 9 || total
-------------------------+-------+-------+-------++-------
Melee: Trident           |   121 |   223 |   718 ||  1062
Throw: Dart              |       |     6 |    23 ||    29
       Boomerang         |       |       |     7 ||     7
       Throwing net      |       |       |     1 ||     1
Invok: Reject Sacrifices |       |       |     1 ||     1
 Stab: Sleeping          |     1 |       |       ||     1
       Distracted        |       |     1 |     6 ||     7
       Held in net/web   |       |       |     1 ||     1
  Eat: Chunk             |     1 |     7 |    12 ||    20
       Ration            |       |       |     3 ||     3
Armor: Leather armour    |    29 |    22 |       ||    51
       Ring mail         |       |    49 |   232 ||   281
Dodge: Dodged            |    61 |   116 |   479 ||   656

Table legend:
 A = Non-vault XP
 B = Vault XP
 C = Vault XP percentage of total XP
 D = Non-vault monster count
 E = Vault monster count
 F = Vault count percentage of total count
                 A         B        C        D         E       F
            +---------+---------+-------+---------+---------+-------
      Total |    3219 |     953 |  22.8 |     171 |      44 |  20.5
            +---------+---------+-------+---------+---------+-------
        D:1 |      47 |       9 |  16.1 |      24 |       7 |  22.6
        D:2 |     155 |       0 |   0.0 |      30 |       0 |   0.0
        D:3 |     228 |       5 |   2.1 |      25 |       2 |   7.4
        D:4 |     328 |     680 |  67.5 |      16 |      13 |  44.8
        D:5 |     207 |     182 |  46.8 |      11 |       1 |   8.3
        D:6 |    1010 |       0 |   0.0 |      33 |       0 |   0.0
        D:7 |     699 |       0 |   0.0 |      22 |       0 |   0.0
        D:8 |     545 |       0 |   0.0 |      10 |       0 |   0.0
    Ossuary |       0 |      77 | 100.0 |       0 |      21 | 100.0
            +---------+---------+-------+---------+---------+-------
